Pick #1

Connor Bedard
Pick #2

Leo Carlsson
Pick #3

Adam Fantilli
Pick #4

Matvei Michkov
Pick #5

David Reinbacher
Pick #6

William Smith
Pick #7

Zachary Benson
Pick #8

Ryan Leonard
Pick #9

Gabriel Perreault
Pick #10

Axel Sandin-Pellika
Pick #11

Daniil But
Pick #12

Dalibor Dvorsky
Pick #13

Quentin Musty
Pick #14

Brayden Yager
Pick #15

Dmitry Simashev
Pick #16

Colby Barlow
Pick #17

Andrew Cristall
Pick #18

Easton Cowan
Pick #19

Jacob Fowler
Pick #20

Oliver Moore
Pick #21

Oliver Bonk
Pick #22

Tom Willander
Pick #23

Calum Ritchie
Pick #24

Tanner Molendyk
Pick #25

Gavin Brindley
Pick #26

Nate Danielson
Pick #27

Pick #28

Pick #29

Pick #30

Pick #31

Pick #32

Pick #33

Pick #34

Pick #35

Pick #36

Pick #37

Pick #38

Pick #39

Pick #40

Pick #41

Pick #42

Pick #43

Pick #44

Pick #45

Pick #46

Pick #47

Pick #48

Pick #49

Pick #50

Pick #51

Pick #52

Pick #53

Pick #54

Pick #55

Pick #56

Pick #57

Pick #58

Pick #59

Pick #60

Pick #61

Pick #62

Pick #63

Pick #64

Pick #65

Pick #66

Pick #67

Pick #68

Pick #69

Pick #70

Pick #71

Pick #72

Pick #73

Pick #74

Pick #75

Pick #76

Pick #77

Pick #78

Pick #79

Pick #80

Pick #81

Pick #82

Pick #83

Pick #84

Pick #85

Pick #86

Pick #87

Pick #88

Pick #89

Pick #90

Pick #91

Pick #92

Pick #93

Pick #94

Pick #95

Pick #96

Pick #97

Pick #98

Pick #99

Pick #100

Pick #101

Pick #102

Pick #103

Pick #104

Pick #105

Pick #106

Pick #107

Pick #108

Pick #109

Pick #110

Pick #111

Pick #112

Pick #113

Pick #114

Pick #115

Pick #116

Pick #117

Pick #118

Pick #119

Pick #120

Pick #121

Pick #122

Pick #123

Pick #124

Pick #125

Pick #126

Pick #127

Pick #128

Pick #129

Pick #130

Full Scoreboard »»

Ducks vs Avalanche

Created - February 22, 2024 at 23:04

Goals
1 2 3 OT1 T
Ducks 1 0 0 1 2
Avalanche 0 0 1 0 1
Shots
1 2 3 OT1 T
Ducks 7 9 5 2 23
Avalanche 15 4 16 3 38

GoalsPenalties
1st period
1. Ducks , Phillip Danault 18 (Moritz Seider 32, Zach Hyman 22) at 1:23 (PP)
Artem Zub (COL) for Hooking (Minor) at 0:20
Claude Giroux (ANA) for Slashing (Minor) at 6:01
Michael Anderson (COL) for Holding (Minor) at 11:08
2nd period
No Goal
Pierre-Luc Dubois (ANA) for Tripping (Minor) at 5:23
3rd period
2. Avalanche , Tim Stutzle 25 (Vladimir Tarasenko 29, Travis Sanheim 31) at 19:32
Rasmus Dahlin (ANA) for Hooking (Minor) at 5:36
Overtime #1
3. Ducks , Jason Robertson 19 (Joe Pavelski 20, Rasmus Dahlin 36) at 3:58
No Penalty
Goalie Stats
Frederik Andersen (ANA), 37 saves from 38 shots - (0.974), W, 32-21-4, 63:59 minutes
Stuart Skinner (COL), 21 saves from 23 shots - (0.913), OTL, 19-5-5, 63:07 minutes
3 StarsOfficial
1 - Frederik Andersen (ANA)
2 - Jason Robertson (ANA)
3 - Phillip Danault (ANA)
Referees : Dan O'Halloran and Tim Peel
Linesman : Michel Cormier and Steven Berry
Game Note
No Game Note
Finance
Level 1 -- Attendance: 5890 (90.62%) -- Ticket Income $600,780
Level 2 -- Attendance: 4650 (93.00%) -- Ticket Income $348,750
Level 3 -- Attendance: 3148 (89.94%) -- Ticket Income $173,140
Level 4 -- Attendance: 2007 (100.00%) -- Ticket Income $90,315
Luxury Box -- Attendance: 1000 (100.00%) -- Ticket Income $200,000
Game was played at the Pepsi Center.
Total Attendance: 16695 (92.71%)
Total Ticket Income: $1,412,985
Other Income: $353,246
Total Income: $1,766,231



Team Name Goals Shots Shots Attemp Shots Blocked PIM HIT PP PK FO%
Ducks 22356156161 / 2 (50%)042%
Avalanche 1388594180 / 3 (0%)158%

Ducks
Player Name POS G A P +/- PIM HIT SHT SB MP PP MP PP SHT PK MP PK SHT FO% FOT
Adam FoxD000-1012525:181:3623:2900% 0
Adrian KempeRW0000021019:361:2611:31033% 3
Brayden McNabbD0000031015:270:0001:0200% 0
Claude GirouxRW0000203021:501:3601:18033% 3
Jason RobertsonLW1011013027:171:3603:49044% 16
Joe PavelskiC0111011125:411:3603:57030% 20
Mathieu OlivierRW000-100000:280:0000:0000% 1
Mats ZuccarelloRW0000001016:490:0000:00060% 10
Michael AmadioRW000-100000:280:0000:0000% 0
Moritz SeiderD0110030422:091:2602:2800% 0
Nikolaj EhlersLW000000002:130:0000:2900% 0
Patrick KaneRW000-1001117:190:0000:50050% 2
Phillip DanaultC1010014017:091:2610:00050% 16
Pierre-Luc DuboisLW0000212015:040:0000:0000% 0
Rasmus DahlinD0110231125:261:3602:2700% 0
Ryan McDonaghD0000000114:250:0000:0000% 0
Tyson BarrieD0000000221:131:2602:2800% 0
Zach HymanLW0110003018:051:2600:0000% 0
Avalanche
Player Name POS G A P +/- PIM HIT SHT SB MP PP MP PP SHT PK MP PK SHT FO% FOT
Adam HenriqueC0000001118:422:4811:59055% 20
Artem ZubD0001203223:452:3411:3500% 0
Blake WheelerRW0000020015:321:0900:0000% 0
Colton ParaykoD000-1001223:193:2300:4600% 0
Connor DewarC000001218:030:0001:030100% 1
Dillon DubeC000001109:490:5001:5900% 0
Jonathan ToewsC0000002015:260:0000:00067% 15
Josh NorrisC0000001020:023:0900:00058% 26
Max PaciorettyLW0000002018:143:0900:0000% 2
Michael AndersonD0000212120:301:0900:4100% 0
Mikko RantanenRW0000043017:262:0020:0000% 0
Nick BlankenburgD0000011018:333:2310:2100% 0
Ross ColtonC000001108:030:0001:03167% 6
Tim StutzleLW1010025020:131:5810:0000% 1
Travis SanheimD0111003122:471:2522:4100% 0
Troy TerryRW0000012114:480:0000:0000% 0
Tyler MyersD0000012015:030:0000:0000% 0
Vladimir TarasenkoRW0111036018:382:4820:0000% 0



Play-by-Play

1st period


0:01 of 1st period - Jonathan Toews wins face-off versus Claude Giroux in neutral zone.
0:20 of 1st period - Minor Penalty to Artem Zub for Hooking.
0:21 of 1st period - Phillip Danault wins face-off versus Ross Colton in Avalanche zone.
0:34 of 1st period - Shot by Adrian Kempe.
0:34 of 1st period - Stopped by Stuart Skinner without a rebound.
0:35 of 1st period - Adam Henrique wins face-off versus Joe Pavelski in Avalanche zone.
0:50 of 1st period - Shot by Adam Henrique.
0:50 of 1st period - Shot Misses the Net.
1:06 of 1st period - Shot by Ross Colton.
1:06 of 1st period - Stopped by Frederik Andersen without a rebound.
1:07 of 1st period - Phillip Danault wins face-off versus Ross Colton in Ducks zone.
1:07 of 1st period - Phillip Danault is hit by Ross Colton.
1:19 of 1st period - Shot by Moritz Seider.
1:19 of 1st period - Shot Blocked by Connor Dewar.
1:21 of 1st period - Shot by Moritz Seider.
1:21 of 1st period - Shot Misses the Net.
1:23 of 1st period - Shot by Phillip Danault.
1:23 of 1st period - Goal by Phillip Danault - Ducks : 1 - Avalanche : 0.
1:24 of 1st period - Mats Zuccarello wins face-off versus Josh Norris in neutral zone.
1:42 of 1st period - Troy Terry is hit by Brayden McNabb and loses puck.
2:03 of 1st period - Shot by Josh Norris.
2:03 of 1st period - Shot Misses the Net.
2:05 of 1st period - Shot by Tyler Myers.
2:05 of 1st period - Stopped by Frederik Andersen without a rebound.
2:06 of 1st period - Phillip Danault wins face-off versus Adam Henrique in Ducks zone.
2:18 of 1st period - Icing by Nick Blankenburg.
2:19 of 1st period - Joe Pavelski wins face-off versus Adam Henrique in Avalanche zone.
3:19 of 1st period - Shot by Tim Stutzle.
3:19 of 1st period - Shot Misses the Net.
4:18 of 1st period - Shot by Troy Terry.
4:18 of 1st period - Shot Misses the Net.
4:20 of 1st period - Shot by Tyler Myers.
4:20 of 1st period - Shot Misses the Net.
4:22 of 1st period - Shot by Vladimir Tarasenko.
4:22 of 1st period - Stopped by Frederik Andersen with a rebound.
4:24 of 1st period - Shot by Travis Sanheim.
4:24 of 1st period - Shot Misses the Net.
5:32 of 1st period - Shot by Mats Zuccarello.
5:32 of 1st period - Shot Misses the Net.
5:43 of 1st period - Ross Colton is hit by Brayden McNabb and loses puck.
6:01 of 1st period - Minor Penalty to Claude Giroux for Slashing.
6:02 of 1st period - Adam Henrique wins face-off versus Jason Robertson in Ducks zone.
6:05 of 1st period - Shot by Travis Sanheim.
6:05 of 1st period - Shot Misses the Net.
6:07 of 1st period - Shot by Tim Stutzle.
6:07 of 1st period - Shot Misses the Net.
6:09 of 1st period - Shot by Travis Sanheim.
6:09 of 1st period - Stopped by Frederik Andersen without a rebound.
6:10 of 1st period - Josh Norris wins face-off versus Jason Robertson in Ducks zone.
6:19 of 1st period - Shot by Artem Zub.
6:19 of 1st period - Stopped by Frederik Andersen without a rebound.
6:20 of 1st period - Adam Henrique wins face-off versus Jason Robertson in Ducks zone.
6:22 of 1st period - Vladimir Tarasenko is hit by Rasmus Dahlin and loses puck.
6:27 of 1st period - Shot by Adam Henrique.
6:27 of 1st period - Stopped by Frederik Andersen without a rebound.
6:28 of 1st period - Jason Robertson wins face-off versus Adam Henrique in Ducks zone.
6:28 of 1st period - Jason Robertson is hit by Vladimir Tarasenko.
6:34 of 1st period - Adam Fox is hit by Vladimir Tarasenko and loses puck.
6:47 of 1st period - Shot by Vladimir Tarasenko.
6:47 of 1st period - Stopped by Frederik Andersen without a rebound.
6:48 of 1st period - Jason Robertson wins face-off versus Josh Norris in Ducks zone.
6:48 of 1st period - Jason Robertson is hit by Mikko Rantanen.
7:09 of 1st period - Shot by Nick Blankenburg.
7:09 of 1st period - Stopped by Frederik Andersen without a rebound.
7:10 of 1st period - Jason Robertson wins face-off versus Adam Henrique in Ducks zone.
7:21 of 1st period - Shot by Adam Henrique.
7:21 of 1st period - Deflect By Vladimir Tarasenko.
7:21 of 1st period - Stopped by Frederik Andersen without a rebound.
7:22 of 1st period - Jason Robertson wins face-off versus Josh Norris in Ducks zone.
7:22 of 1st period - Adam Fox is hit by Mikko Rantanen and loses puck.
7:31 of 1st period - Shot by Mikko Rantanen.
7:31 of 1st period - Stopped by Frederik Andersen without a rebound.
7:32 of 1st period - Patrick Kane wins face-off versus Adam Henrique in Ducks zone.
7:55 of 1st period - Shot by Vladimir Tarasenko.
7:55 of 1st period - Shot Misses the Net.
7:57 of 1st period - Shot by Colton Parayko.
7:57 of 1st period - Shot Misses the Net.
7:59 of 1st period - Shot by Adam Henrique.
7:59 of 1st period - Deflect By Vladimir Tarasenko.
7:59 of 1st period - Shot Blocked by Joe Pavelski.
8:01 of 1st period - Shot by Tim Stutzle.
8:01 of 1st period - Deflect By Dillon Dube.
8:01 of 1st period - Stopped by Frederik Andersen without a rebound.
8:02 of 1st period - Ross Colton wins face-off versus Adrian Kempe in Ducks zone.
9:07 of 1st period - Shot by Claude Giroux.
9:07 of 1st period - Shot Misses the Net.
9:12 of 1st period - Off-side.
9:13 of 1st period - Jonathan Toews wins face-off versus Mats Zuccarello in neutral zone.
9:25 of 1st period - Mikko Rantanen is hit by Brayden McNabb and loses puck.
9:33 of 1st period - Patrick Kane is hit by Mikko Rantanen and loses puck.
9:38 of 1st period - Patrick Kane is hit by Tim Stutzle.
9:42 of 1st period - Shot by Pierre-Luc Dubois.
9:42 of 1st period - Stopped by Stuart Skinner with a rebound.
10:16 of 1st period - Claude Giroux is hit by Blake Wheeler and loses puck.
10:47 of 1st period - Shot by Jason Robertson.
10:47 of 1st period - Stopped by Stuart Skinner without a rebound.
10:48 of 1st period - Phillip Danault wins face-off versus Josh Norris in Avalanche zone.
11:07 of 1st period - Shot by Zach Hyman.
11:07 of 1st period - Shot Misses the Net.
11:08 of 1st period - Minor Penalty to Michael Anderson for Holding.
11:09 of 1st period - Ross Colton wins face-off versus Joe Pavelski in Avalanche zone.
11:19 of 1st period - Claude Giroux is hit by Connor Dewar and loses puck.
11:28 of 1st period - Shot by Adam Fox.
11:28 of 1st period - Stopped by Stuart Skinner without a rebound.
11:29 of 1st period - Adam Henrique wins face-off versus Phillip Danault in Avalanche zone.
11:34 of 1st period - Tyson Barrie is hit by Dillon Dube and loses puck.
11:55 of 1st period - Shot by Tyson Barrie.
11:55 of 1st period - Shot Misses the Net.
12:15 of 1st period - Shot by Zach Hyman.
12:15 of 1st period - Deflect By Adrian Kempe.
12:15 of 1st period - Shot Misses the Net.
12:35 of 1st period - Shot by Joe Pavelski.
12:35 of 1st period - Shot Misses the Net.
12:37 of 1st period - Shot by Joe Pavelski.
12:37 of 1st period - Shot Blocked by Artem Zub.
12:59 of 1st period - Shot by Adam Fox.
12:59 of 1st period - Shot Blocked by Adam Henrique.
13:01 of 1st period - Shot by Adam Fox.
13:01 of 1st period - Shot Blocked by Artem Zub.
13:03 of 1st period - Shot by Adam Fox.
13:03 of 1st period - Stopped by Stuart Skinner without a rebound.
13:04 of 1st period - Connor Dewar wins face-off versus Adrian Kempe in Avalanche zone.
13:22 of 1st period - Icing by Pierre-Luc Dubois.
13:23 of 1st period - Mats Zuccarello wins face-off versus Josh Norris in Ducks zone.
13:28 of 1st period - Colton Parayko is hit by Pierre-Luc Dubois and loses puck.
13:57 of 1st period - Shot by Troy Terry.
13:57 of 1st period - Stopped by Frederik Andersen without a rebound.
13:58 of 1st period - Jonathan Toews wins face-off versus Joe Pavelski in Ducks zone.
14:15 of 1st period - Shot by Michael Anderson.
14:15 of 1st period - Shot Blocked by Adam Fox.
14:17 of 1st period - Shot by Artem Zub.
14:17 of 1st period - Stopped by Frederik Andersen without a rebound.
14:18 of 1st period - Josh Norris wins face-off versus Phillip Danault in Ducks zone.
14:21 of 1st period - Shot by Vladimir Tarasenko.
14:21 of 1st period - Stopped by Frederik Andersen without a rebound.
14:22 of 1st period - Jonathan Toews wins face-off versus Joe Pavelski in Ducks zone.
14:31 of 1st period - Shot by Tim Stutzle.
14:31 of 1st period - Shot Misses the Net.
16:28 of 1st period - Shot by Pierre-Luc Dubois.
16:28 of 1st period - Shot Misses the Net.
16:30 of 1st period - Shot by Brayden McNabb.
16:30 of 1st period - Shot Misses the Net.
16:32 of 1st period - Shot by Patrick Kane.
16:32 of 1st period - Shot Misses the Net.
16:34 of 1st period - Shot by Mats Zuccarello.
16:34 of 1st period - Shot Misses the Net.
16:36 of 1st period - Shot by Brayden McNabb.
16:36 of 1st period - Shot Misses the Net.
16:46 of 1st period - Icing by Troy Terry.
16:47 of 1st period - Josh Norris wins face-off versus Joe Pavelski in Avalanche zone.
17:49 of 1st period - Shot by Zach Hyman.
17:49 of 1st period - Shot Misses the Net.
17:59 of 1st period - Shot by Zach Hyman.
17:59 of 1st period - Stopped by Stuart Skinner without a rebound.
18:00 of 1st period - Mats Zuccarello wins face-off versus Adam Henrique in Avalanche zone.
18:25 of 1st period - Shot by Adam Henrique.
18:25 of 1st period - Shot Misses the Net.
18:27 of 1st period - Shot by Travis Sanheim.
18:27 of 1st period - Stopped by Frederik Andersen with a rebound.
19:31 of 1st period - Shot by Mikko Rantanen.
19:31 of 1st period - Shot Blocked by Adam Fox.
19:50 of 1st period - Icing by Colton Parayko.
19:51 of 1st period - Phillip Danault wins face-off versus Jonathan Toews in Avalanche zone.
Goals for this period are 1 for Ducks vs 0 for Avalanche.
Shots for this period are 7 for Ducks vs 15 for Avalanche.

2nd period


0:01 of 2nd period - Adam Henrique wins face-off versus Joe Pavelski in neutral zone.
1:59 of 2nd period - Shot by Josh Norris.
1:59 of 2nd period - Shot Blocked by Ryan McDonagh.
2:09 of 2nd period - Shot by Pierre-Luc Dubois.
2:09 of 2nd period - Shot Blocked by Troy Terry.
2:17 of 2nd period - Shot by Vladimir Tarasenko.
2:17 of 2nd period - Shot Misses the Net.
2:19 of 2nd period - Shot by Tyler Myers.
2:19 of 2nd period - Shot Blocked by Patrick Kane.
2:21 of 2nd period - Shot by Tyler Myers.
2:21 of 2nd period - Stopped by Frederik Andersen without a rebound.
2:22 of 2nd period - Adam Henrique wins face-off versus Jason Robertson in Ducks zone.
2:25 of 2nd period - Shot by Blake Wheeler.
2:25 of 2nd period - Deflect By Adam Henrique.
2:25 of 2nd period - Shot Blocked by Moritz Seider.
2:27 of 2nd period - Shot by Adam Henrique.
2:27 of 2nd period - Shot Misses the Net.
2:29 of 2nd period - Shot by Adam Henrique.
2:29 of 2nd period - Shot Blocked by Tyson Barrie.
2:36 of 2nd period - Adam Henrique is hit by Moritz Seider and loses puck.
3:25 of 2nd period - Shot by Phillip Danault.
3:25 of 2nd period - Stopped by Stuart Skinner without a rebound.
3:26 of 2nd period - Joe Pavelski wins face-off versus Josh Norris in Avalanche zone.
3:29 of 2nd period - Shot by Claude Giroux.
3:29 of 2nd period - Stopped by Stuart Skinner with a rebound.
3:31 of 2nd period - Shot by Brayden McNabb.
3:31 of 2nd period - Stopped by Stuart Skinner without a rebound.
3:32 of 2nd period - Jonathan Toews wins face-off versus Phillip Danault in Avalanche zone.
3:32 of 2nd period - Travis Sanheim is hit by Adrian Kempe and loses puck.
4:15 of 2nd period - Shot by Zach Hyman.
4:15 of 2nd period - Shot Misses the Net.
5:23 of 2nd period - Minor Penalty to Pierre-Luc Dubois for Tripping.
5:24 of 2nd period - Jason Robertson wins face-off versus Adam Henrique in Ducks zone.
7:02 of 2nd period - Icing by Michael Anderson.
7:03 of 2nd period - Claude Giroux wins face-off versus Max Pacioretty in Avalanche zone.
7:31 of 2nd period - Shot by Dillon Dube.
7:31 of 2nd period - Shot Misses the Net.
8:17 of 2nd period - Shot by Zach Hyman.
8:17 of 2nd period - Stopped by Stuart Skinner with a rebound.
8:19 of 2nd period - Shot by Phillip Danault.
8:19 of 2nd period - Shot Misses the Net.
8:21 of 2nd period - Shot by Phillip Danault.
8:21 of 2nd period - Shot Misses the Net.
8:27 of 2nd period - Shot by Zach Hyman.
8:27 of 2nd period - Stopped by Stuart Skinner without a rebound.
8:28 of 2nd period - Jonathan Toews wins face-off versus Joe Pavelski in Avalanche zone.
8:33 of 2nd period - Adam Fox is hit by Tim Stutzle.
8:37 of 2nd period - Shot by Mikko Rantanen.
8:37 of 2nd period - Shot Misses the Net.
9:17 of 2nd period - Jonathan Toews is hit by Jason Robertson and loses puck.
9:56 of 2nd period - Shot by Vladimir Tarasenko.
9:56 of 2nd period - Shot Misses the Net.
10:53 of 2nd period - Blake Wheeler is hit by Moritz Seider and loses puck.
11:18 of 2nd period - Shot by Phillip Danault.
11:18 of 2nd period - Stopped by Stuart Skinner with a rebound.
12:05 of 2nd period - Patrick Kane is hit by Tyler Myers and loses puck.
12:15 of 2nd period - Shot by Patrick Kane.
12:15 of 2nd period - Stopped by Stuart Skinner without a rebound.
12:16 of 2nd period - Mats Zuccarello wins face-off versus Josh Norris in Avalanche zone.
12:23 of 2nd period - Shot by Pierre-Luc Dubois.
12:23 of 2nd period - Stopped by Stuart Skinner without a rebound.
12:24 of 2nd period - Josh Norris wins face-off versus Mats Zuccarello in Avalanche zone.
12:39 of 2nd period - Shot by Troy Terry.
12:39 of 2nd period - Stopped by Frederik Andersen without a rebound.
12:40 of 2nd period - Jonathan Toews wins face-off versus Phillip Danault in Ducks zone.
12:41 of 2nd period - Shot by Tim Stutzle.
12:41 of 2nd period - Shot Blocked by Tyson Barrie.
12:43 of 2nd period - Shot by Jonathan Toews.
12:43 of 2nd period - Shot Blocked by Moritz Seider.
12:45 of 2nd period - Shot by Tim Stutzle.
12:45 of 2nd period - Deflect By Mikko Rantanen.
12:45 of 2nd period - Stopped by Frederik Andersen without a rebound.
12:46 of 2nd period - Adrian Kempe wins face-off versus Josh Norris in Ducks zone.
12:46 of 2nd period - Adrian Kempe is hit by Vladimir Tarasenko.
13:24 of 2nd period - Phillip Danault is hit by Michael Anderson and loses puck.
14:24 of 2nd period - Shot by Mats Zuccarello.
14:24 of 2nd period - Shot Blocked by Colton Parayko.
14:26 of 2nd period - Shot by Rasmus Dahlin.
14:26 of 2nd period - Stopped by Stuart Skinner without a rebound.
14:27 of 2nd period - Jason Robertson wins face-off versus Jonathan Toews in Avalanche zone.
15:34 of 2nd period - Shot by Troy Terry.
15:34 of 2nd period - Shot Misses the Net.
15:36 of 2nd period - Shot by Vladimir Tarasenko.
15:36 of 2nd period - Deflect By Josh Norris.
15:36 of 2nd period - Shot Misses the Net.
15:44 of 2nd period - Shot by Josh Norris.
15:44 of 2nd period - Shot Misses the Net.
16:58 of 2nd period - Shot by Mikko Rantanen.
16:58 of 2nd period - Shot Misses the Net.
17:00 of 2nd period - Shot by Jonathan Toews.
17:00 of 2nd period - Stopped by Frederik Andersen without a rebound.
17:01 of 2nd period - Phillip Danault wins face-off versus Jonathan Toews in Ducks zone.
17:03 of 2nd period - Icing by Adam Fox.
17:04 of 2nd period - Phillip Danault wins face-off versus Jonathan Toews in Ducks zone.
17:23 of 2nd period - Shot by Mikko Rantanen.
17:23 of 2nd period - Shot Blocked by Rasmus Dahlin.
17:47 of 2nd period - Phillip Danault is hit by Mikko Rantanen and loses puck.
18:52 of 2nd period - Shot by Josh Norris.
18:52 of 2nd period - Shot Misses the Net.
19:04 of 2nd period - Tyson Barrie is hit by Blake Wheeler and loses puck.
19:25 of 2nd period - Shot by Adam Henrique.
19:25 of 2nd period - Shot Misses the Net.
19:44 of 2nd period - Shot by Max Pacioretty.
19:44 of 2nd period - Shot Blocked by Moritz Seider.
19:57 of 2nd period - Shot by Ross Colton.
19:57 of 2nd period - Shot Misses the Net.
Goals for this period are 0 for Ducks vs 0 for Avalanche.
Shots for this period are 9 for Ducks vs 4 for Avalanche.

3rd period


0:01 of 3rd period - Josh Norris wins face-off versus Joe Pavelski in neutral zone.
0:10 of 3rd period - Shot by Troy Terry.
0:10 of 3rd period - Shot Misses the Net.
0:12 of 3rd period - Shot by Michael Anderson.
0:12 of 3rd period - Stopped by Frederik Andersen without a rebound.
0:13 of 3rd period - Jonathan Toews wins face-off versus Phillip Danault in Ducks zone.
0:15 of 3rd period - Tim Stutzle is hit by Moritz Seider and loses puck.
0:24 of 3rd period - Shot by Phillip Danault.
0:24 of 3rd period - Stopped by Stuart Skinner without a rebound.
0:25 of 3rd period - Joe Pavelski wins face-off versus Josh Norris in Avalanche zone.
0:44 of 3rd period - Shot by Claude Giroux.
0:44 of 3rd period - Stopped by Stuart Skinner with a rebound.
1:17 of 3rd period - Icing by Artem Zub.
1:18 of 3rd period - Josh Norris wins face-off versus Phillip Danault in Avalanche zone.
1:22 of 3rd period - Michael Anderson is hit by Adrian Kempe and loses puck.
1:27 of 3rd period - Troy Terry is hit by Phillip Danault and loses puck.
2:15 of 3rd period - Shot by Patrick Kane.
2:15 of 3rd period - Shot Misses the Net.
2:17 of 3rd period - Shot by Mats Zuccarello.
2:17 of 3rd period - Stopped by Stuart Skinner without a rebound.
2:18 of 3rd period - Jason Robertson wins face-off versus Jonathan Toews in Avalanche zone.
2:19 of 3rd period - Shot by Nikolaj Ehlers.
2:19 of 3rd period - Shot Misses the Net.
2:37 of 3rd period - Shot by Mikko Rantanen.
2:37 of 3rd period - Shot Misses the Net.
2:39 of 3rd period - Shot by Tim Stutzle.
2:39 of 3rd period - Stopped by Frederik Andersen without a rebound.
2:40 of 3rd period - Adam Henrique wins face-off versus Joe Pavelski in Ducks zone.
2:41 of 3rd period - Shot by Colton Parayko.
2:41 of 3rd period - Stopped by Frederik Andersen without a rebound.
2:42 of 3rd period - Adam Henrique wins face-off versus Jason Robertson in Ducks zone.
2:49 of 3rd period - Shot by Max Pacioretty.
2:49 of 3rd period - Shot Misses the Net.
2:51 of 3rd period - Shot by Colton Parayko.
2:51 of 3rd period - Shot Blocked by Adam Fox.
3:08 of 3rd period - Shot by Max Pacioretty.
3:08 of 3rd period - Stopped by Frederik Andersen without a rebound.
3:09 of 3rd period - Phillip Danault wins face-off versus Tim Stutzle in Ducks zone.
3:48 of 3rd period - Shot by Jonathan Toews.
3:48 of 3rd period - Stopped by Frederik Andersen without a rebound.
3:49 of 3rd period - Joe Pavelski wins face-off versus Adam Henrique in Ducks zone.
4:18 of 3rd period - Shot by Max Pacioretty.
4:18 of 3rd period - Stopped by Frederik Andersen without a rebound.
4:19 of 3rd period - Mats Zuccarello wins face-off versus Josh Norris in Ducks zone.
4:19 of 3rd period - Mats Zuccarello is hit by Troy Terry.
5:28 of 3rd period - Icing by Rasmus Dahlin.
5:29 of 3rd period - Jonathan Toews wins face-off versus Joe Pavelski in Ducks zone.
5:29 of 3rd period - Jonathan Toews is hit by Rasmus Dahlin.
5:36 of 3rd period - Minor Penalty to Rasmus Dahlin for Hooking.
5:37 of 3rd period - Adam Henrique wins face-off versus Jason Robertson in Ducks zone.
5:50 of 3rd period - Shot by Colton Parayko.
5:50 of 3rd period - Deflect By Tim Stutzle.
5:50 of 3rd period - Stopped by Frederik Andersen without a rebound.
5:51 of 3rd period - Josh Norris wins face-off versus Jason Robertson in Ducks zone.
6:10 of 3rd period - Shot by Colton Parayko.
6:10 of 3rd period - Shot Misses the Net.
6:22 of 3rd period - Shot by Mikko Rantanen.
6:22 of 3rd period - Stopped by Frederik Andersen without a rebound.
6:23 of 3rd period - Adam Henrique wins face-off versus Claude Giroux in Ducks zone.
6:44 of 3rd period - Shot by Travis Sanheim.
6:44 of 3rd period - Shot Blocked by Adam Fox.
6:46 of 3rd period - Shot by Travis Sanheim.
6:46 of 3rd period - Stopped by Frederik Andersen without a rebound.
6:47 of 3rd period - Josh Norris wins face-off versus Jason Robertson in Ducks zone.
9:23 of 3rd period - Shot by Tim Stutzle.
9:23 of 3rd period - Shot Blocked by Moritz Seider.
9:25 of 3rd period - Shot by Tim Stutzle.
9:25 of 3rd period - Shot Misses the Net.
9:37 of 3rd period - Shot by Mikko Rantanen.
9:37 of 3rd period - Shot Misses the Net.
9:39 of 3rd period - Shot by Michael Anderson.
9:39 of 3rd period - Stopped by Frederik Andersen without a rebound.
9:40 of 3rd period - Adam Henrique wins face-off versus Joe Pavelski in Ducks zone.
9:57 of 3rd period - Shot by Joe Pavelski.
9:57 of 3rd period - Deflect By Jason Robertson.
9:57 of 3rd period - Shot Misses the Net.
10:49 of 3rd period - Shot by Pierre-Luc Dubois.
10:49 of 3rd period - Shot Misses the Net.
10:51 of 3rd period - Shot by Pierre-Luc Dubois.
10:51 of 3rd period - Shot Misses the Net.
10:53 of 3rd period - Shot by Patrick Kane.
10:53 of 3rd period - Shot Misses the Net.
10:55 of 3rd period - Shot by Pierre-Luc Dubois.
10:55 of 3rd period - Shot Misses the Net.
11:08 of 3rd period - Jonathan Toews is hit by Rasmus Dahlin and loses puck.
11:37 of 3rd period - Shot by Zach Hyman.
11:37 of 3rd period - Shot Blocked by Michael Anderson.
12:10 of 3rd period - Off-side.
12:11 of 3rd period - Josh Norris wins face-off versus Jason Robertson in neutral zone.
13:40 of 3rd period - Shot by Joe Pavelski.
13:40 of 3rd period - Stopped by Stuart Skinner with a rebound.
13:42 of 3rd period - Shot by Claude Giroux.
13:42 of 3rd period - Stopped by Stuart Skinner without a rebound.
13:43 of 3rd period - Ross Colton wins face-off versus Mats Zuccarello in Avalanche zone.
14:00 of 3rd period - Shot by Connor Dewar.
14:00 of 3rd period - Stopped by Frederik Andersen with a rebound.
14:02 of 3rd period - Shot by Dillon Dube.
14:02 of 3rd period - Shot Misses the Net.
14:27 of 3rd period - Icing by Patrick Kane.
14:28 of 3rd period - Mats Zuccarello wins face-off versus Adam Henrique in Ducks zone.
15:38 of 3rd period - Josh Norris is hit by Adam Fox.
15:40 of 3rd period - Shot by Vladimir Tarasenko.
15:40 of 3rd period - Stopped by Frederik Andersen without a rebound.
15:41 of 3rd period - Jonathan Toews wins face-off versus Phillip Danault in Ducks zone.
16:13 of 3rd period - Shot by Phillip Danault.
16:13 of 3rd period - Shot Misses the Net.
16:15 of 3rd period - Shot by Phillip Danault.
16:15 of 3rd period - Shot Blocked by Travis Sanheim.
16:40 of 3rd period - Icing by Moritz Seider.
16:41 of 3rd period - Josh Norris wins face-off versus Mats Zuccarello in Ducks zone.
17:20 of 3rd period - Shot by Vladimir Tarasenko.
17:20 of 3rd period - Stopped by Frederik Andersen with a rebound.
17:22 of 3rd period - Shot by Troy Terry.
17:22 of 3rd period - Shot Misses the Net.
17:37 of 3rd period - Moritz Seider is hit by Nick Blankenburg and loses puck.
18:13 of 3rd period - Adam Henrique is hit by Joe Pavelski and loses puck.
18:40 of 3rd period - Avalanche, Stuart Skinner is pulled from the net.
19:04 of 3rd period - Shot by Tim Stutzle.
19:04 of 3rd period - Stopped by Frederik Andersen without a rebound.
19:05 of 3rd period - Josh Norris wins face-off versus Patrick Kane in Ducks zone.
19:09 of 3rd period - Icing by Adam Fox.
19:10 of 3rd period - Josh Norris wins face-off versus Mathieu Olivier in Ducks zone.
19:13 of 3rd period - Shot by Josh Norris.
19:13 of 3rd period - Shot Blocked by Adam Fox.
19:32 of 3rd period - Shot by Tim Stutzle.
19:32 of 3rd period - Goal by Tim Stutzle - Ducks : 1 - Avalanche : 1.
19:32 of 3rd period - Stuart Skinner from Avalanche was sent back in the game.
19:33 of 3rd period - Ross Colton wins face-off versus Phillip Danault in neutral zone.
19:40 of 3rd period - Shot by Connor Dewar.
19:40 of 3rd period - Stopped by Frederik Andersen with a rebound.
Goals for this period are 0 for Ducks vs 1 for Avalanche.
Shots for this period are 5 for Ducks vs 16 for Avalanche.

Overtime #1


0:01 of 1st overtime period - Josh Norris wins face-off versus Joe Pavelski in neutral zone.
0:07 of 1st overtime period - Icing by Jason Robertson.
0:08 of 1st overtime period - Josh Norris wins face-off versus Joe Pavelski in Ducks zone.
2:55 of 1st overtime period - Shot by Josh Norris.
2:55 of 1st overtime period - Stopped by Frederik Andersen with a rebound.
2:57 of 1st overtime period - Shot by Artem Zub.
2:57 of 1st overtime period - Stopped by Frederik Andersen without a rebound.
2:58 of 1st overtime period - Joe Pavelski wins face-off versus Max Pacioretty in Ducks zone.
3:11 of 1st overtime period - Shot by Jason Robertson.
3:11 of 1st overtime period - Stopped by Stuart Skinner without a rebound.
3:12 of 1st overtime period - Josh Norris wins face-off versus Joe Pavelski in Avalanche zone.
3:23 of 1st overtime period - Shot by Tim Stutzle.
3:23 of 1st overtime period - Stopped by Frederik Andersen without a rebound.
3:24 of 1st overtime period - Joe Pavelski wins face-off versus Josh Norris in Ducks zone.
3:56 of 1st overtime period - Shot by Jason Robertson.
3:56 of 1st overtime period - Deflect By Joe Pavelski.
3:56 of 1st overtime period - Shot Blocked by Colton Parayko.
3:58 of 1st overtime period - Shot by Jason Robertson.
3:58 of 1st overtime period - Goal by Jason Robertson - Ducks : 2 - Avalanche : 1.
Goals for this period are 1 for Ducks vs 0 for Avalanche.
Shots for this period are 2 for Ducks vs 3 for Avalanche.